Map: Abiogenesis LE

Players

CptOwnalot

  • Race: Terran Terran
  • League: Diamond
  • Spawn Location: 11:00

Isszul - Winner!

  • Race: Zerg Zerg
  • Spawn Location: 5:00

VOD

Have the link to the VOD?

Description

Time

  • Played on: March 20, 2018, 3:14 p.m.
  • Length: 11:54
Show
View Real Time Build Order
Export as new Build Order

CptOwnalot Terran 

Build Orders: Mech 

Get SALT Encoding   

  12  0:00  SCV  
  13  0:13  SCV  
  14  0:22  Supply Depot  
  14  0:25  SCV  
  15  0:33  Refinery  
  15  0:44  SCV  
  15  0:46  Barracks  
  16  0:56  SCV  
  17  1:08  SCV  
  18  1:20  SCV  
  19  1:34  Orbital Command  
  19  1:38  Barracks Reactor  
  19  1:44  Command Center  
  19  1:52  Supply Depot  
  19  2:00  SCV  
  20  2:06  Barracks  
  20  2:12  SCV  
  20  2:14  Marine  
  20  2:15  Marine  
  23  2:25  SCV  
  24  2:30  Refinery  
  24  2:32  Marine  
  24  2:33  Marine  
  26  2:37  SCV  
  26  2:41  Factory  
  26  2:43  Factory  
  27  2:49  Marine, SCV  
  29  2:55  Marine  
  30  3:07  Marine  
  30  3:12  SCV  
  32  3:15  Bunker  
  32  3:18  Orbital Command  
  32  3:24  SCV  
  32  3:27  Factory Tech Lab  
  33  3:28  Marine, Hellion  
  34  3:43  SCV  
  34  3:44  SCV  
  34  3:45  Marine  
  37  3:52  Siege Tank  
  37  3:55  SCV  
  41  3:57  Hellion  
  41  3:58  Marine  
  44  4:04  Supply Depot  
  44  4:09  Marine  
  45  4:10  SCV  
  46  4:17  SCV  
  46  4:18  Hellion  
  49  4:24  Siege Tank  
  49  4:28  Armory  
  52  4:33  Infernal Pre-Igniter  
  52  4:43  Hellion  
  52  4:44  SCV  
  54  4:46  Marine  
  54  4:47  Marine  
  56  4:53  Supply Depot  
  56  4:55  SCV  
  56  4:57  Hellion  
  59  5:04  Marine, Hellion  
  62  5:13  Marine, SCV x2  
  65  5:18  Hellion  
  67  5:29  SCV x2  
  67  5:30  Factory Tech Lab  
  69  5:37  Command Center  
  44  6:11  Marine x2  
  44  6:14  Hellbat  
  44  6:15  Hellbat  
  44  6:17  SCV x2  
  46  6:27  Barracks  
  46  6:28  Barracks  
  46  6:29  Marine x2  
  46  6:30  SCV x2  
  46  6:32  Engineering Bay  
  50  6:33  Terran Vehicle Weapons Level 1, Starport  
  50  6:35  Barracks  
  50  6:36  Hellbat  
  52  6:44  SCV, Hellbat  
  52  6:46  SCV  
  52  6:47  Marine x2, Supply Depot  
  56  6:50  Refinery  
  58  6:59  SCV x2  
  60  7:01  Terran Infantry Weapons Level 1  
  60  7:10  Supply Depot  
  60  7:19  SCV  
  60  7:20  SCV  
  62  7:24  Refinery  
  62  7:25  Starport Reactor  
  62  7:28  Hellbat x2  
  59  7:31  Barracks Tech Lab x3  
  59  7:33  Marine  
  59  7:49  Siege Tank x2  
  59  7:50  Marauder x3  
  71  7:52  Concussive Shells  
  71  7:55  Stimpack  
  71  7:59  SCV x2  
  71  8:03  Medivac  
  71  8:04  Medivac  
  77  8:13  Marauder x2, Refinery  
  77  8:14  SCV  
  71  8:22  Hellbat x2  
  65  8:36  Marauder  
  65  8:37  Marauder  
  71  8:45  Command Center  
  71  8:47  Hellbat  
  71  8:48  Hellbat  
  72  9:09  Marine x3, Marauder, Hellbat x2  
  82  9:10  Marauder  
  83  9:28  Marine x2, Marauder  
  83  9:31  Marauder  
  94  9:38  Marauder  
  74  9:46  Marine  
  74  9:47  Marine  
  74  9:49  Marine  
  74  9:50  Thor x2  
  74  9:52  Marine  
  78  9:58  Missile Turret  
  78  9:59  Marine, Missile Turret  
  75  10:03  Marine  
  75  10:05  Marine  
  75  10:06  Marine  
  78  10:09  Marine  
  78  10:10  SCV x2  
  78  10:12  Viking  
  83  10:14  Medivac  
Show
View Real Time Build Order
Export as new Build Order

Isszul Zerg - Winner!

Build Orders: Pool First, Muta Ling Bane 

Get SALT Encoding   

  12  0:00  Drone  
  13  0:13  Overlord  
  13  0:17  Drone  
  14  0:31  Drone x2  
  16  0:42  Drone  
  17  0:44  Spawning Pool  
  17  0:48  Drone  
  17  1:10  Hatchery  
  16  1:12  Drone  
  16  1:17  Overlord  
  17  1:27  Extractor  
  17  1:31  Zergling x4  
  18  1:36  Queen  
  18  1:39  Zergling x2  
  21  1:50  Drone  
  22  2:01  Drone  
  23  2:11  Drone  
  24  2:21  Queen  
  24  2:22  Drone  
  27  2:24  Drone  
  28  2:33  Drone x2  
  30  2:44  Metabolic Boost  
  30  2:46  Drone x2  
  30  2:50  Hatchery  
  31  2:52  Drone  
  31  2:58  Drone x2  
  34  3:03  Drone x2  
  36  3:09  Overlord  
  35  3:23  Overlord x2  
  35  3:28  Drone x2  
  35  3:31  Queen  
  39  3:38  Drone x4  
  42  3:42  Drone x2  
  42  3:43  Drone  
  45  3:53  Drone x2  
  47  3:55  Extractor  
  47  3:57  Drone  
  47  3:58  Baneling Nest  
  46  4:03  Drone x2  
  46  4:05  Overlord  
  46  4:06  Overlord  
  46  4:08  Drone x2  
  50  4:22  Evolution Chamber, Drone  
  50  4:23  Queen x2  
  50  4:24  Evolution Chamber  
  53  4:29  Queen  
  56  4:31  Drone  
  56  4:35  Drone x2  
  56  4:36  Drone  
  59  4:44  Drone x6  
  64  4:48  Zerg Melee Weapons Level 1  
  64  4:51  Zerg Ground Armor Level 1  
  64  4:54  Zergling x4  
  64  4:56  Drone  
  67  5:01  Zergling x8  
  71  5:13  Lair  
  71  5:18  Queen x2  
  75  5:24  Drone x3  
  75  5:25  Drone x4  
  82  5:31  Overlord x2  
  82  5:41  Overlord x3  
  82  5:46  Baneling x11  
  82  5:47  Baneling  
  82  5:48  Overlord x2  
  82  5:54  Queen  
  82  5:55  Zergling x14  
  85  6:09  Zergling x6  
  85  6:10  Zergling x4  
  86  6:22  Extractor  
  86  6:23  Extractor  
  84  6:26  Extractor  
  84  6:27  Spire  
  84  6:32  Hatchery  
  81  6:37  Queen  
  81  6:39  Drone x3  
  86  6:40  Overlord x5  
  86  6:42  Zergling x2  
  87  6:50  Zergling x6  
  90  7:08  Hatchery  
  89  7:18  Zergling x20  
  99  7:28  Zergling x8  
  102  7:34  Zergling x6  
  102  7:42  Baneling x8  
  102  7:43  Baneling x10  
  99  7:50  Drone x3  
  99  7:51  Drone x7  
  109  7:58  Centrifical Hooks  
  109  8:00  Zerg Ground Armor Level 2, Zerg Melee Weapons Level 2  
  109  8:04  Extractor  
  108  8:06  Extractor  
  107  8:18  Extractor  
  98  8:30  Mutalisk x4  
  104  8:42  Drone x3  
  104  8:43  Drone x3  
  104  8:44  Drone x5  
  104  8:45  Overlord x4  
  115  9:02  Mutalisk x3  
  115  9:03  Mutalisk  
  115  9:08  Baneling  
  115  9:09  Zergling x10, Baneling x4  
  131  9:10  Zergling x44  
  150  9:24  Mutalisk x2  
  150  9:25  Mutalisk  
  145  9:56  Mutalisk  
  145  9:57  Mutalisk x5  
  157  10:07  Infestation Pit  
  149  10:49  Zergling x54  
  149  10:50  Zergling x16  
  149  11:04  Zergling x4  
  149  11:05  Zergling x20  
  149  11:30  Drone x3  
  149  11:48  Hatchery  
Tags
 
League
Diamond
Matchup
TvZ
Opening
Pool First
Spawn Locations
Cross Positions
Add a new tag
Caveats
  • Supply blocks, unpowered buildings, or Contaminate may cause inaccurate times.
  • Supply counts are checked every 10 seconds.